 Dungeon Crawl Stone Soup version 0.26-a0-188-ga22346179c (webtiles) character file.

Game seed: 9802593659324611861

14 Coward the Skirmisher (level 2, 0/24 HPs)
             Began as a Demonspawn Chaos Knight on July 4, 2020.
             Was a Plaything of Xom.
             Slain by an orc
             ... wielding a +0 morningstar of protection
              (6 damage)
             ... on level 4 of the Dungeon.
             The game lasted 00:04:47 (207 turns).

Coward the Skirmisher (Demonspawn Chaos Knight)      Turns: 207, Time: 00:04:48

Health: 0/24       AC:  5    Str: 12    XL:     2   Next: 27%
Magic:  2/2        EV: 10    Int: 13    God:    Xom [..*...]
Gold:   40         SH:  0    Dex: 12    Spells: 1/1 levels left

rFire    . . .     SeeInvis .   a - +0 falchion (chaos)
rCold    . . .     Faith    .   (no shield)
rNeg     . . .     Spirit   .   d - +0 ring mail
rPois    .         Reflect  .   (helmet restricted)
rElec    .         Harm     .   (no cloak)
rCorr    .                      (no gloves)
MR       .....                  (no boots)
Stlth    +.........             (no amulet)
HPRegen  0.08/turn              (no ring)
MPRegen  0.08/turn              (no ring)

@: no status effects
A: antennae 1
a: Renounce Religion


You were on level 4 of the Dungeon.
You worshipped Xom.
You were a toy of Xom.
You were not hungry.

You visited 1 branch of the dungeon, and saw 4 of its levels.

You collected 40 gold pieces.

Inventory:

Hand Weapons
 a - a +0 falchion of chaos (weapon)
Armour
 b - a +2 leather armour
 d - a +0 ring mail (worn)
Scrolls
 e - a scroll of remove curse {unknown}
Potions
 g - 2 potions of heal wounds {unknown}
Comestibles
 c - 2 rations
 f - a chunk of flesh


   Skills:
 * Level 3.6 Fighting
 + Level 2.8 Long Blades
 + Level 1.8 Armour
 + Level 0.8 Dodging


You had one spell level left.
You didn't know any spells.
Your spell library was empty.

Dungeon Overview and Level Annotations

Branches:
Dungeon (4/15)
 Temple: D:4-7

Altars:


Innate Abilities, Weirdness & Mutations

You have a pair of small antennae on your head.


Message History

You hear the hiss of flowing sand.
There is an entrance to an ossuary on this level.
Hurry and find it before the portal is buried!
Reactivating autopickup.
There is a stone staircase leading up here.
You open the door. Something hits you.
* * * LOW HITPOINT WARNING * * *
Deactivating autopickup; reactivate with Ctrl-A.
There is an open door here.
You open the door. Something hits you but does no damage.
There is an open door here.
An orc appears from thin air!
Reactivating autopickup.
You hit the orc but do no damage.
The orc is moving more slowly.
The orc is moderately wounded.
The orc closely misses you.
You hit the orc.
The orc is moderately wounded.
The orc hits you with a +0 morningstar of protection.
You die... "It was about time."

+## ..# ..# ###### ..#
#....# ..+ .. #....#
###'##....
+...########+#o@.......
#.<.#..................
###'##..................
#....'..................
#....#..................
#....#..................
##...#..................
#######################


You could see an orc (petrifying).

Vanquished Creatures
  A leopard gecko (D:3)
  3 orcs (D:3)
  2 goblins
  2 hobgoblins (D:3)
8 creatures vanquished.

Notes
Turn   | Place    | Note
-------+----------+-------------------------------------------
     0 | D:1      | Coward the Demonspawn Chaos Knight began the quest for the
                  | Orb.
     0 | D:1      | Reached XP level 1. HP: 18/18 MP: 1/1
   156 | D:3      | Gained mutation: You have a pair of small antennae on your
                  | head. [demonic ancestry]
   156 | D:3      | Reached XP level 2. HP: 24/24 MP: 2/2
   176 | D:3      | XOM: potion effect (curing)
   207 | D:4      | Slain by an orc

Illustrated notes

Levels and vault maps discovered:
D:1:      lemuel_arrival_funnel, layout_basic
D:2:      minmay_angry_zag, layout_basic, grunt_ministairs_4, uniq_robin
D:3:      layout_loops_cross, makhleb_heckhound_becter, portal_sewer_entry_d,
          first_ration
D:4:      layout_gridville, lightli_ossuary_entry_decrepit_ruins

Action                   || total
-------------------------++-------
Melee: Falchion          ||    28
Armor: Ring mail         ||    10
Dodge: Dodged            ||     3

Table legend:
 A = Non-vault XP
 B = Vault XP
 C = Vault XP percentage of total XP
 D = Non-vault monster count
 E = Vault monster count
 F = Vault count percentage of total count
                 A         B        C        D         E       F
            +---------+---------+-------+---------+---------+-------
      Total |      20 |       0 |   0.0 |       8 |       0 |   0.0
            +---------+---------+-------+---------+---------+-------
        D:1 |       2 |       0 |   0.0 |       1 |       0 |   0.0
        D:3 |      18 |       0 |   0.0 |       7 |       0 |   0.0
            +---------+---------+-------+---------+---------+-------
